 Dungeon Crawl Stone Soup version 0.19.1-1-g22dce08 (webtiles) character file.

16263 loralnil the Cleaver (level 12, -13/64 HPs)
             Began as a Vine Stalker Fighter on Dec 29, 2016.
             Was a High Priest of Trog.
             Killed from afar by Azrael (18 damage)
             ... with a bolt of fire
             ... on level 12 of the Dungeon.
             The game lasted 00:20:12 (8186 turns).

loralnil the Cleaver (Vine Stalker Fighter)         Turns: 8186, Time: 00:20:13

Health: -13/64     AC: 18    Str: 29    XL:     12   Next: 35%
Magic:  0/13       EV:  7    Int:  8    God:    Trog [*****.]
Gold:   372        SH: 14    Dex: 14    Spells: 0 memorised, 11 levels left

rFire  . . .     SeeInvis .     l - +0 broad axe
rCold  . . .     Gourm    .     I - +0 plate armour
rNeg   . . .     Faith    .     c - +2 shield
rPois  .         Spirit   +     K - +0 helmet
rElec  .         Reflect  .     m - +0 cloak
rCorr  .         Harm     .     o - +2 pair of gloves
MR     +....                    (no boots)
Stlth  ..........               r - amulet of magic regeneration
                                (no ring)
                                (no ring)

@: mighty
A: fangs 3, regeneration 2, magic shield, antimagic bite, no device heal 3, rot
immunity
a: Berserk, Trog's Hand, Brothers in Arms, Burn Spellbooks, Renounce Religion


You were on level 12 of the Dungeon.
You worshipped Trog.
Trog was extremely pleased with you.
You were not hungry.

You visited 2 branches of the dungeon, and saw 13 of its levels.

You collected 676 gold pieces.
You spent 304 gold pieces at shops.

Inventory:

Hand Weapons
 l - a +0 broad axe (weapon)
Armour
 c - a +2 shield (worn)
 m - a +0 cloak (worn)
 o - a +2 pair of gloves (worn)
 I - a +0 plate armour (worn)
 K - a +0 helmet (worn)
Jewellery
 r - an amulet of magic regeneration (around neck)
Wands
 b - a wand of flame (30/48)
Scrolls
 e - 2 scrolls of recharging
 j - 2 scrolls of fear
 s - a scroll of blinking {unknown}
 y - 4 scrolls of fog
 D - 3 scrolls of teleportation
 F - 2 scrolls of enchant weapon {unknown}
 L - a scroll of random uselessness {unknown}
 M - a scroll of immolation {unknown}
Potions
 g - 4 potions of curing
 h - a potion of magic
 i - a potion of ambrosia
 k - 3 potions of flight
 n - 2 potions of cancellation
 q - a potion of heal wounds {unknown}
 u - a potion of agility {unknown}
 v - 2 potions of lignification
 x - 2 potions of resistance
 z - 2 potions of haste
 B - 2 potions of berserk rage
 J - a potion of mutation
Comestibles
 f - 8 bread rations
 p - a beef jerky
 t - 6 meat rations
 w - 5 slices of pizza
 C - a royal jelly
 G - 5 fruits


   Skills:
 + Level 7.8 Fighting
 + Level 12.3 Axes
 + Level 6.8 Armour
 + Level 2.0 Dodging
 + Level 1.1 Stealth
 + Level 9.1 Shields


You had 11 spell levels left.
You didn't know any spells.

Dungeon Overview and Level Annotations

Branches:
Dungeon (12/15)            Temple (1/1) D:4            Lair (0/6) D:8
    Orc (0/2) D:11

Altars:
Ashenzari
Cheibriados
Dithmenos
Elyvilon
Fedhas
Gozag
Hepliaklqana
Kikubaaqudgha
Makhleb
Nemelex Xobeh
Okawaru
Qazlal
Ru
Sif Muna
Trog
Uskayaw
Vehumet
Xom
Yredelemnul
Zin
The Shining One

Shops:
D:6 ?   D:10 (

Annotations:
D:12 Azrael


Innate Abilities, Weirdness & Mutations

You have razor-sharp teeth.
You heal very quickly.
When hurt, damage is shared between your health and your magic reserves.
Your bite disrupts and absorbs the magic of your enemies.
Potions and wands cannot restore your health.
You are immune to rotting.


Message History

You block the fire elemental's attack. Azrael hits you but does no damage.
A hell hound comes into view.
You slash Azrael! You bite Azrael, but do no damage.
Azrael is moderately wounded.
You hit the fire elemental.
The hell hound moves out of view.
The fire elemental hits you. The fire elemental burns you!
You hit Azrael but do no damage.
Azrael is moderately wounded.
You closely miss the fire elemental. Azrael gestures at you.
The bolt of fire hits you!
* * * LOW HITPOINT WARNING * * *
The fire elemental hits you. The fire elemental burns you!
* * * LOW HITPOINT WARNING * * *
You feel very mighty all of a sudden. The fire elemental hits you.
The fire elemental burns you!
* * * LOW HITPOINT WARNING * * *
Azrael gestures at you. The bolt of fire hits you!
You die...

.............#
#.#
.........#####
#.# .........#
#.# ....<....#
### #.#
......)(.# #..
#.# .........#
##.## #.#
...).....+
.h.##.# #.#
.........#
#REh..# #.#
###'#...##
#@##########.#
....##..#
#............#
....##..#
##############
....##..#
....##..#
.......>#
....#####
.(.## ####


You could see Azrael, a fire elemental and 2 hell hounds.

Vanquished Creatures
  Erolcha (D:9)
  Nergalle (D:12)
  An unseen horror (D:10)
  3 hill giants
  The ghost of bombpersons the Skirmisher, a novice CeWn of Trog (D:6)
  A guardian serpent (D:11)
  Psyche (D:8)
  3 kobold demonologists (D:12)
  A hornet (D:9)
  A troll (D:11)
  2 two-headed ogres (D:9)
  2 hippogriffs
  A spriggan (D:7)
  3 wraiths (D:11)
  2 wyverns
  A water elemental (D:12)
  22 yaks
  2 fire elementals (D:12)
  A hungry ghost (D:7)
  A mottled dragon (D:11)
  A hornet zombie (D:10)
  7 orc warriors
  4 sky beasts
  A black bear (D:11)
  5 phantoms
  3 ogres
  2 big kobolds (D:12)
  A gnoll sergeant (D:7)
  6 bullfrogs
  A wyvern zombie (D:9)
  A troll zombie (D:11)
  2 scorpions
  6 killer bees (D:11)
  5 wights (D:6)
  3 howler monkeys (D:7)
  2 bullfrog zombies
  4 crimson imps
  6 jellies
  4 orc priests
  7 hounds
  14 orc wizards
  3 bullfrog skeletons
  A centaur skeleton (D:8)
  Jessica (D:2)
  Ijyb (D:2)
  4 iguanas
  9 worker ants
  A killer bee zombie (D:10)
  5 ogre zombies (D:11)
  A worker ant zombie (D:8)
  Robin (D:2)
  11 adders
  10 gnolls
  2 howler monkey skeletons
  3 adder skeletons
  A worm (D:2)
  A dart slug (D:3)
  3 leopard geckos
  48 orcs
  4 bats
  3 giant cockroaches
  8 hobgoblins
  14 jackals
  2 quokkas
  A ball python (D:4)
  5 frilled lizards
  11 goblins
  5 hobgoblin zombies (D:11)
  10 kobolds
  4 orc skeletons (D:11)
  10 orc zombies (D:11)
  A quokka zombie (D:7)
  9 rats
329 creatures vanquished.

Notes
Turn   | Place    | Note
-------+----------+-------------------------------------------
     0 | D:1      | loralnil the Vine Stalker Fighter began the quest for the Orb.
     0 | D:1      | Reached XP level 1. HP: 11/11 MP: 2/2
   181 | D:1      | Reached skill level 2 in Axes
   184 | D:1      | Reached XP level 2. HP: 8/16 MP: 3/3
   642 | D:2      | Noticed Robin
   651 | D:2      | Reached XP level 3. HP: 8/20 MP: 4/4
   652 | D:2      | Killed Robin
   959 | D:2      | Noticed Jessica
   966 | D:2      | Killed Jessica
   966 | D:2      | Gained mutation: Your natural rate of healing is unusually fast. [Vine Stalker growth]
   966 | D:2      | Reached XP level 4. HP: 24/24 MP: 5/5
  1121 | D:2      | Reached skill level 3 in Axes
  1252 | D:2      | Reached XP level 5. HP: 28/28 MP: 6/6
  1279 | D:2      | Noticed Ijyb
  1292 | D:2      | Killed Ijyb
  1420 | D:3      | Reached skill level 1 in Stealth
  1561 | D:3      | Reached XP level 6. HP: 14/32 MP: 4/7
  2037 | D:3      | Reached skill level 1 in Dodging
  2281 | D:4      | Found a staircase to the Ecumenical Temple.
  2290 | Temple   | Entered the Ecumenical Temple
  2355 | Temple   | Became a worshipper of Trog the Wrathful
  2388 | D:4      | Reached skill level 4 in Axes
  2864 | D:5      | Entered Level 5 of the Dungeon
  2990 | D:5      | Reached XP level 7. HP: 37/37 MP: 8/8
  2998 | D:5      | Found an iron altar of Okawaru.
  3495 | D:5      | Reached skill level 5 in Axes
  3633 | D:6      | Noticed bombpersons's ghost (novice CeWn)
  3658 | D:6      | Killed bombpersons's ghost
  3658 | D:6      | Reached skill level 6 in Axes
  3658 | D:6      | Gained mutation: You have razor-sharp teeth. [Vine Stalker growth]
  3658 | D:6      | Reached XP level 8. HP: 28/42 MP: 6/9
  3664 | D:6      | Reached * piety under Trog
  3664 | D:6      | Reached skill level 5 in Shields
  3958 | D:6      | Reached skill level 7 in Axes
  4034 | D:6      | Found Omymeb's Magic Scroll Emporium.
  4037 | D:6      | Bought a scroll of identify for 22 gold pieces
  4037 | D:6      | Bought a scroll of identify for 22 gold pieces
  4037 | D:6      | Bought a scroll of identify for 22 gold pieces
  4037 | D:6      | Bought a scroll of identify for 22 gold pieces
  4037 | D:6      | Bought a scroll of identify for 22 gold pieces
  4037 | D:6      | Bought a scroll of magic mapping for 38 gold pieces
  4037 | D:6      | Bought a scroll of recharging for 104 gold pieces
  4116 | D:7      | Reached XP level 9. HP: 44/46 MP: 8/10
  4288 | D:7      | Reached ** piety under Trog
  4308 | D:7      | Reached skill level 5 in Fighting
  4592 | D:7      | Reached skill level 8 in Axes
  4954 | D:8      | Reached *** piety under Trog
  5025 | D:8      | Found a staircase to the Lair.
  5329 | D:8      | Noticed Psyche
  5338 | D:8      | Killed Psyche
  5338 | D:8      | Reached skill level 5 in Armour
  5338 | D:8      | Reached XP level 10. HP: 52/52 MP: 11/11
  5488 | D:9      | Paralysed by a hornet for 1 turns
  5491 | D:9      | Reached skill level 9 in Axes
  5797 | D:9      | Reached **** piety under Trog
  5817 | D:9      | Reached skill level 10 in Axes
  5822 | D:9      | Reached XP level 11. HP: 54/57 MP: 12/12
  5858 | D:9      | Noticed Erolcha
  5870 | D:9      | Killed Erolcha
  6168 | D:10     | Entered Level 10 of the Dungeon
  6224 | D:10     | Killed an unseen horror
  6285 | D:10     | Noticed a hill giant
  6295 | D:10     | Killed a hill giant
  6439 | D:10     | Noticed a cyclops
  6614 | D:10     | Found Xumaffuo's Weapon Shop.
  6617 | D:10     | Bought a +0 broad axe for 52 gold pieces
  6962 | D:11     | Reached skill level 11 in Axes
  7065 | D:11     | Reached ***** piety under Trog
  7091 | D:11     | Noticed a hill giant
  7101 | D:11     | Killed a hill giant
  7113 | D:11     | Found a staircase to the Orcish Mines.
  7386 | D:11     | Gained mutation: You heal very quickly. [Vine Stalker growth]
  7386 | D:11     | Reached XP level 12. HP: 63/63 MP: 13/13
  7808 | D:12     | Received a gift from Trog
  7870 | D:12     | Noticed Nergalle
  7907 | D:12     | Killed Nergalle
  7907 | D:12     | Reached skill level 12 in Axes
  8181 | D:12     | Noticed Azrael
  8186 | D:12     | Killed from afar by Azrael

Skill      XL: |  1  2  3  4  5  6  7  8  9 10 11 12 |
---------------+-------------------------------------+-----
Axes           | 2 3 4 6 7 8 10 11 12 | 12.3
Shields        | 3 4 5 6 7 8 9 |  9.1
Fighting       | 3 4 5 6 7 |  7.8
Stealth        | 1 |  1.1
Dodging        | 1 2 |  2.0
Armour         | 3 5 6 |  6.8

Action                   |  1- 3 |  4- 6 |  7- 9 | 10-12 || total
-------------------------+-------+-------+-------+-------++-------
Melee: War axe           |    83 |   178 |   362 |   233 ||   856
       Bite              |    20 |    56 |   117 |   245 ||   438
       Broad axe         |       |       |       |   355 ||   355
Invok: Burn Spellbooks   |       |       |       |     4 ||     4
       Berserk           |       |       |       |     1 ||     1
  Use: Scroll            |     4 |     5 |    10 |     3 ||    22
       Potion            |       |       |       |     3 ||     3
  Eat: Chunk             |       |     7 |    11 |    12 ||    30
Armor: Scale mail        |    28 |    54 |       |       ||    82
       Chain mail        |       |    60 |    56 |       ||   116
       Plate armour      |       |       |   150 |   268 ||   418
Dodge: Dodged            |    25 |    53 |    59 |   102 ||   239
Block: Shield            |    34 |   123 |   222 |   375 ||   754
